 Dungeon Crawl Stone Soup version 0.23.2-1-ga50397a (webtiles) character file.

Game seed: 12857245166494722529

244 goulibeur the Skirmisher (level 5, 0/47 HPs)
             Began as a Draconian Berserker on May 22, 2019.
             Was a Believer of Trog.
             Killed from afar by an orc wizard (5 damage)
             ... with a magic dart
             ... on level 3 of the Dungeon.
             The game lasted 00:05:01 (1972 turns).

goulibeur the Skirmisher (Draconian Berserker)      Turns: 1972, Time: 00:05:01

Health: 0/47       AC:  5    Str: 19    XL:     5   Next: 83%
Magic:  5/5        EV: 12    Int:  7    God:    Trog [**....]
Gold:   128        SH:  3    Dex: 12    Spells: 4/4 levels left

rFire    . . .     SeeInvis .   a - +0 mace
rCold    . . .     Gourm    .   e - +0 buckler
rNeg     . . .     Faith    .   (armour unavailable)
rPois    .         Spirit   .   (helmet restricted)
rElec    .         Reflect  .   (no cloak)
rCorr    .         Harm     .   (no gloves)
MR       .....                  (no boots)
Stlth    +.........             (no amulet)
HPRegen  0.15/turn              (no ring)
MPRegen  0.09/turn              (no ring)

@: berserk cooldown, slowed, very slow
A: unfitting armour, cold-blooded, AC +5
a: Berserk, Trog's Hand, Renounce Religion


You were on level 3 of the Dungeon.
You worshipped Trog.
Trog was pleased with you.
You were very hungry.

You visited 1 branch of the dungeon, and saw 3 of its levels.

You collected 128 gold pieces.

Inventory:

Hand Weapons
 a - a +0 mace (weapon)
Armour
 e - a +0 buckler (worn)
Jewellery
 n - an uncursed ring of wizardry {unknown}
Scrolls
 d - a scroll of identify {unknown}
 h - 4 scrolls of fear {unknown}
 i - a scroll of remove curse {unknown}
 j - 2 scrolls of teleportation {unknown}
 k - 2 scrolls of enchant armour {unknown}
 l - a scroll of amnesia {unknown}
 p - a scroll of blinking {unknown}
Potions
 c - a potion of might
 f - 3 potions of curing
 m - a potion of degeneration {unknown}
 o - a potion of invisibility {unknown}
Comestibles
 b - 5 rations


   Skills:
 + Level 4.6 Fighting
 + Level 4.1 Maces & Flails
 + Level 2.4 Throwing
 + Level 3.7 Dodging


You had 4 spell levels left.
You didn't know any spells.
Your spell library was empty.

Dungeon Overview and Level Annotations

Branches:
Dungeon (3/15)

Altars:
Ru


Innate Abilities, Weirdness & Mutations

Your plain brown scales are hard. (AC +5)
You cannot fit into any form of body armour.
You are cold-blooded and may be slowed by cold attacks.


Message History

The orc wizard flickers and vanishes!
Deactivating autopickup; reactivate with Ctrl-A.
You hit the orc.
The orc is severely wounded.
The ooze closely misses you. The ooze hits you.
* * * LOW HITPOINT WARNING * * *
You completely miss something. The ooze closely misses you. Something hits you.
* * * LOW HITPOINT WARNING * * *
The ooze hits you.
* * * LOW HITPOINT WARNING * * *
Something hits you but does no damage.
You miss something. You tail-slap something. The ooze hits you.
* * * LOW HITPOINT WARNING * * *
You hear some strange, mumbled words.
Something tries to affect you, but you resist.
The ooze closely misses you.
You hear some strange, mumbled words.
A magic dart appears from out of thin air!
The magic dart hits you.
You die...

.............
.............
######....... ..#
##.####. #.#
###..###. ######.#
#........ ...##.#
#.##.##.. ####.##.#
#.##..#..
#.@{o)..###.###.#..
##J#o##.....# #....
...#.##.##### #.#..
###..o##.# #....
#.####.# #.... #.#
#.# #.... ..# #..
###.... /..# ###
#...... #.#.#..


You could see an ooze and 2 orcs.

Vanquished Creatures
  A black bear (D:2)
  An orc priest (D:3)
  Jessica (D:2)
  5 adders
  An ooze (D:1)
  3 dart slugs
  2 leopard geckos (D:2)
  3 orcs (D:3)
  A ball python (D:1)
  3 bats (D:1)
  4 giant cockroaches
  4 goblins
  2 hobgoblins
  6 jackals
  A quokka (D:2)
  3 frilled lizards
  A jackal skeleton (D:2)
  A kobold (D:3)
  2 rats
45 creatures vanquished.

Notes
Turn   | Place    | Note
-------+----------+-------------------------------------------
     0 | D:1      | goulibeur the Draconian Berserker began the quest for the
                  | Orb.
     0 | D:1      | Reached XP level 1. HP: 19/19 MP: 1/1
   181 | D:1      | Reached XP level 2. HP: 26/26 MP: 2/2
   486 | D:1      | Reached skill level 1 in Throwing
   570 | D:1      | Reached XP level 3. HP: 29/33 MP: 3/3
   779 | D:2      | Reached ** piety under Trog
  1140 | D:2      | Found a sacrificial altar of Ru.
  1286 | D:2      | Noticed a black bear
  1290 | D:2      | Noticed Jessica
  1297 | D:2      | Killed a black bear
  1297 | D:2      | Reached XP level 4. HP: 17/40 MP: 4/4
  1297 | D:2      | Reached XP level 5. HP: 20/46 MP: 5/5
  1301 | D:2      | Killed Jessica
  1675 | D:3      | HP: 2/47 [poisoned by an adder]
  1972 | D:3      | Killed from afar by an orc wizard

Skill      XL: |  1  2  3  4  5 |
---------------+----------------+-----
Throwing       | 1 2 |  2.4
Dodging        | 3 |  3.7
Fighting       | 4 |  4.6
Maces & Flails | 4 |  4.1

Action                   |  1- 3 |  4- 6 || total
-------------------------+-------+-------++-------
Melee: Mace              |    99 |    54 ||   153
       Tailslap          |     9 |     5 ||    14
Invok: Berserk           |       |     3 ||     3
  Use: Potion            |       |     2 ||     2
 Stab: Sleeping          |     1 |       ||     1
  Eat: Chunk             |     1 |     4 ||     5
Armor: Skin              |    31 |    23 ||    54
Dodge: Dodged            |    74 |    53 ||   127
Block: Buckler           |    12 |    11 ||    23
